 Dungeon Crawl Stone Soup version 0.18-a0-1426-g3b9a63c (webtiles) character file.

57 chei the Skirmisher (level 4, 0/42 HPs)
             Began as a Naga Fighter on Feb 27, 2016.
             Slain by Fabri's ghost (2 damage)
             ... on level 3 of the Dungeon.
             The game lasted 00:02:03 (1614 turns).

chei the Skirmisher (Naga Fighter)                  Turns: 1614, Time: 00:02:03

Health: 0/42       AC:  6    Str: 19    XL:     4   Next: 0%
Magic:  4/4        EV:  5    Int:  9    God:
Gold:   107        SH:  8    Dex: 10    Spells: 0 memorised, 3 levels left

rFire  . . .     SeeInvis +     a - +0 long sword
rCold  . . .     Gourm    .     b - +0 scale mail
rNeg   . . .     Faith    .     c - +0 shield
rPois  +         Spirit   .     (no helmet)
rElec  .         Dismiss  .     h - +0 cloak
rCorr  .         Reflect  .     (no gloves)
SustAt .         Harm     .     (no barding)
MR     .....                    k - amulet of rage
Stlth  ..........               (no ring)
                                (no ring)

@: very slow, not resistant to hostile enchantments, extremely unstealthy
A: see invisible, deformed body, poison resistance, slowness 2, slow metabolism
1, spit poison 2, AC +1
a: Spit Poison, Evoke Berserk Rage


You were on level 3 of the Dungeon.
You were very hungry.

You visited 1 branch of the dungeon, and saw 3 of its levels.

You collected 107 gold pieces.

Inventory:

Hand Weapons
 a - a +0 long sword (weapon)
Armour
 b - a +0 scale mail (worn)
 c - a +0 shield (worn)
 h - a +0 cloak (worn)
Jewellery
 k - an amulet of rage (around neck)
Scrolls
 g - 5 scrolls of identify {unknown}
 j - a scroll of remove curse {unknown}
 l - a scroll of fog {unknown}
 m - 2 scrolls of blinking {unknown}
 n - a scroll of recharging {unknown}
 o - 3 scrolls of magic mapping {unknown}
 q - a scroll of random uselessness {unknown}
 r - 2 scrolls of fear {unknown}
 u - a scroll of amnesia {unknown}
Potions
 d - a potion of might
 e - a potion of flight {unknown}
 s - a potion of curing {unknown}
 t - 2 potions of haste {unknown}
Comestibles
 f - 5 bread rations
 i - 4 fruits
 p - a meat ration


   Skills:
 + Level 3.3 Fighting
 * Level 2.5 Long Blades
 + Level 2.8 Armour
 + Level 0.5 Dodging
 + Level 0.4 Stealth
 + Level 2.8 Shields


You had 3 spell levels left.
You didn't know any spells.

Dungeon Overview and Level Annotations

Branches:
Dungeon (3/15)

Altars:
Gozag
Makhleb
Nemelex Xobeh
Pakellas
Vehumet

Annotations:
D:3 Fabri's ghost, weakling NaWz


Innate Abilities, Weirdness & Mutations

You cannot wear boots.
Your serpentine skin is tough (AC +1).
You have supernaturally acute eyesight.
Armour fits poorly on your strangely shaped body.
Your system is resistant to poisons.
You cover ground very slowly.
You have a slow metabolism.
You can spit poison.


Message History

Fabri's ghost hits you but does no damage.
The crimson imp blinks!
Unknown command.
You hit Fabri's ghost but do no damage.
Fabri's ghost is moderately damaged.
The shadow imp hits you.
* * * LOW HITPOINT WARNING * * *
Fabri's ghost hits you but does no damage.
You block Fabri's ghost's attack.
The shadow imp hits you but does no damage.
The crimson imp blinks!
You closely miss Fabri's ghost.
Fabri's ghost is moderately damaged.
Fabri's ghost casts a spell.
The shadow imp hits you.
* * * LOW HITPOINT WARNING * * *
You hit Fabri's ghost.
Fabri's ghost is moderately damaged.
Fabri's ghost hits you.
You die...

#..........
#.../...5.###.##
#..............#
#....(..........
#.............?
#......?.......
#.....)....>...
#...(..........
#......@W.5....
#...<...5......
##?...#######.$
##...# #####


You could see Fabri's ghost, 2 crimson imps and a shadow imp.

Vanquished Creatures
  An adder (D:3)
  A worm (D:2)
  3 dart slugs
  A giant gecko (D:2)
  A giant cockroach (D:1)
  A goblin (D:1)
  9 hobgoblins
  2 quokkas (D:2)
  4 bats
  5 giant newts (D:1)
  5 kobolds
  4 rats
37 creatures vanquished.

Notes
Turn   | Place    | Note
--------------------------------------------------------------
     0 | D:1      | chei the Naga Fighter began the quest for the Orb.
     0 | D:1      | Reached XP level 1. HP: 21/21 MP: 1/1
   109 | D:1      | Reached XP level 2. HP: 25/28 MP: 2/2
   542 | D:2      | Found an opulent altar of Gozag.
   650 | D:2      | Found a sparkling altar of Nemelex Xobeh.
   663 | D:2      | Reached XP level 3. HP: 34/34 MP: 3/3
   788 | D:2      | Found a burning altar of Makhleb.
   789 | D:2      | Found a radiant altar of Vehumet.
  1162 | D:2      | Found an oddly glowing altar of Pakellas.
  1287 | D:3      | Noticed Fabri's ghost (weakling NaWz)
  1310 | D:2      | Reached XP level 4. HP: 3/42 MP: 4/4
  1613 | D:3      | HP: 1/42 [shadow imp[Fabri's ghost] (5)]
  1614 | D:3      | Slain by Fabri's ghost

Vault maps used:
D:1:      dpeg_arrival_windows_large_door
D:2:      nicolae_gozag_cash_rules_everything_around_me,
          nicolae_overflow_hidden_temple, old_standard_altar,
          gammafunk_temple_overflow_statue, first_bread
D:3:      grunt_temple_overflow_holy_war, nemelex_spade_bored_becter

Action                   |  1- 3 |  4- 6 || total
-------------------------+-------+-------++-------
Melee: Long sword        |   127 |    16 ||   143
 Abil: Evoke Berserk Rag |     1 |       ||     1
  Eat: Chunk             |     1 |       ||     1
